 Dungeon Crawl Stone Soup version 0.24.0-13-gcf9b3192b9 (webtiles) character file.

Game seed: 16855892615733359485, levelgen mode: deterministic

4636 Inarius the Cleaver (level 10, -3/74 HPs)
             Began as a Ghoul Monk on Nov 5, 2019.
             Was an Elder of Hepliaklqana.
             Killed by divine providence
             ... invoked by an orc priest
              (15 damage)
             ... on level 11 of the Dungeon.
             The game lasted 00:17:29 (7630 turns).

Inarius the Cleaver (Ghoul Monk)                    Turns: 7630, Time: 00:17:29

Health: -3/74      AC: 14    Str: 19    XL:     10   Next: 43%
Magic:  11/11      EV:  9    Int:  5    God:    Hepliaklqana [****..]
Gold:   424        SH:  0    Dex: 11    Spells: 9/9 levels left

rFire    . . .     SeeInvis .   C - +4 hand axe (freeze)
rCold    + + .     Gourm    .   (no shield)
rNeg     + + +     Faith    .   u - +0 chain mail
rPois    ∞         Spirit   .   r - +0 helmet
rElec    .         Reflect  .   s - +0 cloak
rCorr    .         Harm     .   (no gloves)
MR       .....                  t - +0 pair of boots
Stlth    ..........             (no amulet)
HPRegen  0.00/turn              A - ring of protection from cold
MPRegen  0.12/turn              (no ring)

@: very slightly contaminated, rotting
A: rotting body, reduced essence, claws 1, carnivore, cold resistance 1,
negative energy resistance 3, inhibited regeneration, torment resistance,
unbreathing
a: Recall Ancestor, Ancestor Identity, Transference, Idealise, Renounce Religion


You were on level 11 of the Dungeon.
You worshipped Hepliaklqana.
Hepliaklqana was greatly pleased with you.
You were not hungry.

You visited 1 branch of the dungeon, and saw 11 of its levels.
You also visited: Sewer and Ossuary.

You collected 532 gold pieces.
You spent 108 gold pieces at shops.

Inventory:

Hand Weapons
 p - a +0 war axe
 C - a +4 hand axe of freezing (weapon)
Armour
 j - a +0 plate armour
 r - a +0 helmet (worn)
 s - a +0 cloak (worn)
 t - a +0 pair of boots (worn)
 u - a +0 chain mail (worn)
Jewellery
 A - a ring of protection from cold (left claw)
Wands
 a - a wand of scattershot (4)
 B - a wand of polymorph (13)
 D - a wand of iceblast (1)
Scrolls
 b - 5 scrolls of enchant armour
 e - 2 scrolls of remove curse
 f - 4 scrolls of fog
 g - 5 scrolls of magic mapping
 k - a scroll of blinking
 l - a scroll of fear {unknown}
 v - 2 scrolls of enchant weapon
 y - a scroll of teleportation
 E - a scroll of amnesia
 F - a scroll of identify
Potions
 d - 3 potions of brilliance {unknown}
 h - a potion of might
 i - 4 potions of haste
 m - 3 potions of magic {unknown}
 n - 2 potions of berserk rage {unknown}
 o - 3 potions of heal wounds
 q - a potion of mutation {unknown}
 w - 8 potions of curing
 x - 2 potions of invisibility {unknown}
 z - 3 potions of flight {unknown}
Comestibles
 c - 12 rations


   Skills:
 + Level 5.9 Fighting
 * Level 10.3 Axes
 * Level 6.9 Armour
 + Level 3.6 Dodging
 - Level 2.1 Stealth
 + Level 2.6 Invocations
 * Level 2.7 Evocations


You had 9 spell levels left.
You didn't know any spells.
Your spell library contained the following spells:

 Spells                   Type           Power        Failure   Level  Hunger
 Corona                   Hex            #......      99%         1    ##.....
 Magic Dart               Conj           #...         99%         1    ##.....
 Shock                    Conj/Air       #...         99%         1    ##.....
 Passwall                 Tmut/Erth      #.......     100%        2    ###....
 Searing Ray              Conj           #.....       100%        2    ###....
 Slow                     Hex            #.......     100%        2    ###....
 Swiftness                Chrm/Air       #.......     100%        2    ###....
 Dazzling Spray           Conj/Hex       #.....       100%        3    ####...
 Inner Flame              Hex/Fire       #.......     100%        3    ####...
 Portal Projectile        Hex/Tloc       #.....       100%        3    ####...
 Static Discharge         Conj/Air       #.......     100%        3    ####...
 Airstrike                Air            #.........   100%        4    #####..
 Cause Fear               Hex            #.........   100%        4    #####..
 Force Lance              Conj/Tloc      #.......     100%        4    #####..
 Fulminant Prism          Conj/Hex       #.........   100%        4    #####..
 Iskenderun's Mystic Bla  Conj           #.......     100%        4    #####..
 Leda's Liquefaction      Hex/Erth       #.........   100%        4    #####..
 Passage of Golubria      Tloc           N/A          100%        4    #####..
 Lee's Rapid Deconstruct  Erth           #.........   100%        5    ######.
 Lightning Bolt           Conj/Air       #.........   100%        5    ######.
 Darkness                 Hex            #.........   100%        6    #######
 Invisibility             Hex            #.......     100%        6    #######


Dungeon Overview and Level Annotations

Branches:
Dungeon (11/15)            Temple (0/1) D:6           Sewer (visited)
Ossuary (visited)
   Lair: D:8-11         Orc: D:9-12

Altars:
Ashenzari
Cheibriados
Hepliaklqana
Makhleb
Ru
Trog
Uskayaw
Vehumet

Shops:
D:6 !


Innate Abilities, Weirdness & Mutations

Your body is rotting away.
You thrive on raw meat.
You are immune to poison.
You have sharp fingernails.
You are carnivorous and can eat meat at any time.
Your flesh is cold resistant. (rC+)
You are immune to negative energy. (rN+++)
You do not regenerate when monsters are visible.
You are immune to unholy pain and torment.
You can survive without breathing.
Your life essence is reduced to manifest your ancestor. (-10% HP)


Message History

* * * LOW HITPOINT WARNING * * *
The orc priest closely misses you.
Unknown command.
Blink to where?
Press: ? - help, Dir - move target cursor You are very lightly contaminated with residual magic.
As you read the scroll of blinking, it crumbles to dust.
You see here an ominously black robe.
There is an open door here.
Evoke which item? (* to show all) (? for menu, Esc to quit)
Okay, then.
You close the door.
Zimri-Dagan emerges from the mists of memory!
Okay, then.
You swap places.
An orc priest comes into view. It is wielding a +0 mace.
The orc priest shouts!
The orc priest calls down the wrath of Beogh upon you.
Beogh smites you!
You die...

######.###### #####..#### ##
..........# #########+### #..
..........### #...........#
#.. .........[+.###
#...o.......# +..
..........#...# #.?.........#
#..
.........[###.###...........+
#.. ..........#
#.R.#...........# #..
..........# ###.@...........#
#.. ###########
###...........# ##
#####'####### #...# #.### #
#'##### # #.....# #####
#.....# ###....
#..[..###..>###


You could see the friendly Zimri-Dagan the hexer and an orc priest.

Vanquished Creatures
  An ugly thing (D:11)
  A hippogriff (D:11)
  A water moccasin (D:7)
  An orc warrior (D:11)
  An ice beast (D:6)
  2 sky beasts
  3 centaurs
  An elf zombie (Ossuary)
  4 bullfrogs
  A scorpion (D:5)
  4 killer bees (D:7)
  4 crimson imps
  A centaur zombie (Ossuary)
  A quasit (D:10)
  3 bullfrog skeletons
  4 hounds
  A human zombie (Ossuary)
  2 centaur skeletons
  4 orc priests
  6 orc wizards
  4 worker ants
  A mummy (Ossuary)
  A worker ant zombie (D:5)
  18 adders
  6 river rats (Sewer)
  2 oozes
  An adder skeleton (D:7)
  3 adder zombies (Ossuary)
  2 worms (D:3)
  A leopard gecko (D:3)
  22 orcs
  5 bats
  9 giant cockroaches
  9 goblins
  10 hobgoblins
  16 jackals
  3 quokkas
  7 ball pythons
  7 frilled lizards
  3 hobgoblin zombies (Ossuary)
  A jackal skeleton (D:5)
  A jackal zombie (Ossuary)
  5 kobolds
  10 kobold zombies (Ossuary)
  5 orc zombies (Ossuary)
  A quokka zombie (D:5)
  27 rats
  3 rat zombies
229 creatures vanquished.

Vanquished Creatures (collateral kills)
  An ugly thing (D:11)
  Menkaure (D:7)
  2 ice beasts
  A sky beast (D:11)
  2 ogres
  An orc warrior (D:11)
  A howler monkey (D:6)
  A human zombie (Ossuary)
  A centaur zombie (Ossuary)
  2 orc priests
  A bullfrog skeleton (D:5)
  A hound (D:8)
  2 jellies
  An orc wizard (D:6)
  2 worker ants
  A hound skeleton (D:4)
  A mummy (Ossuary)
  6 adders
  An adder zombie (Ossuary)
  2 orcs (D:4)
  A ball python (Sewer)
  A jackal (D:7)
  A goblin zombie (D:5)
  A hobgoblin zombie (Ossuary)
  4 kobold zombies (Ossuary)
  2 orc zombies (Ossuary)
  5 rats (Sewer)
46 creatures vanquished.

Vanquished Creatures (others)
  An ancestor (D:7)
  3 hexers
4 creatures vanquished.

Grand Total: 279 creatures vanquished

Notes
Turn   | Place    | Note
-------+----------+-------------------------------------------
     0 | D:1      | Inarius the Ghoul Monk began the quest for the Orb.
     0 | D:1      | Reached XP level 1. HP: 19/19 MP: 0/0
    98 | D:1      | Reached XP level 2. HP: 19/26 MP: 1/1
   117 | D:1      | HP: 1/26 [hobgoblin/+0 club (1)]
   199 | D:1      | Reached skill level 3 in Axes
   730 | D:2      | Reached XP level 3. HP: 31/31 MP: 2/2
   748 | D:1      | Reached skill level 1 in Armour
  1037 | D:2      | Found a snail-covered altar of Cheibriados.
  1212 | D:2      | Reached XP level 4. HP: 34/38 MP: 3/3
  1354 | D:3      | You fall into a shaft and drop 1 floor!
  1555 | D:3      | Found a hazy altar of Hepliaklqana.
  1955 | D:2      | Reached skill level 4 in Axes
  1955 | D:2      | Reached XP level 5. HP: 25/46 MP: 4/4
  2488 | D:3      | Became a worshipper of Hepliaklqana the Forgotten
  2488 | D:3      | Reached * piety under Hepliaklqana
  2488 | D:3      | Reached ** piety under Hepliaklqana
  2513 | D:3      | Found a sacrificial altar of Ru.
  2744 | D:3      | Found a shattered altar of Ashenzari.
  2854 | D:3      | Found a bloodstained altar of Trog.
  3054 | D:4      | Noticed an ogre
  3065 | D:4      | Reached XP level 6. HP: 35/46 MP: 5/5
  3069 | D:4      | Reached skill level 5 in Axes
  3621 | D:5      | Entered Level 5 of the Dungeon
  3690 | D:4      | Reached XP level 7. HP: 52/53 MP: 6/6
  3864 | D:4      | HP: 2/53 [orc priest/divine providence (13)]
  4181 | D:5      | Found a sand-covered staircase.
  4191 | D:5      | Reached skill level 6 in Axes
  4249 | Ossuary  | Entered an ossuary
  4399 | Ossuary  | Reached skill level 1 in Invocations
  4415 | Ossuary  | Reached XP level 8. HP: 32/60 MP: 7/7
  5119 | D:5      | Reached skill level 7 in Axes
  5273 | D:5      | Reached *** piety under Hepliaklqana
  5381 | D:6      | Found Limu's Distillery.
  5389 | D:6      | Bought a potion of curing for 36 gold pieces
  5389 | D:6      | Bought a potion of heal wounds for 60 gold pieces
  5393 | D:6      | Bought a potion of degeneration for 12 gold pieces
  5414 | D:6      | Found a staircase to the Ecumenical Temple.
  5425 | D:6      | Found a glowing drain.
  5488 | Sewer    | Entered a sewer
  5670 | Sewer    | Reached skill level 5 in Armour
  5812 | D:6      | Found a burning altar of Makhleb.
  5812 | D:6      | Noticed an Executioner
  5939 | D:6      | Reached skill level 5 in Fighting
  5939 | D:6      | Reached skill level 8 in Axes
  5939 | D:6      | Reached XP level 9. HP: 66/66 MP: 9/9
  6017 | D:6      | Found a hide-covered altar of Uskayaw.
  6286 | D:7      | Reached **** piety under Hepliaklqana
  6366 | D:7      | Noticed Menkaure
  6371 | D:7      | Killed Menkaure
  6862 | D:8      | Reached skill level 1 in Evocations
  6926 | D:8      | Reached skill level 9 in Axes
  6937 | D:8      | Found a radiant altar of Vehumet.
  7008 | D:8      | You fall into a shaft and drop 3 floors!
  7008 | D:11     | Noticed a two-headed ogre
  7105 | D:11     | Remembered your ancestor Zimri-Dagan as a hexer
  7125 | D:10     | Entered Level 10 of the Dungeon
  7153 | D:9      | Noticed a two-headed ogre
  7193 | D:10     | Noticed a red ugly thing
  7311 | D:10     | Noticed a two-headed ogre
  7333 | D:11     | Noticed a cyan ugly thing
  7337 | D:11     | Killed a cyan ugly thing
  7337 | D:11     | Reached XP level 10. HP: 74/74 MP: 10/10
  7424 | D:11     | Reached skill level 10 in Axes
  7550 | D:11     | Noticed a purple ugly thing
  7558 | D:11     | Killed a purple ugly thing
  7580 | D:11     | Noticed an orc knight
  7630 | D:11     | Killed from afar by an orc priest

Levels and vault maps discovered:
D:1:      lemuel_arrival_funnel, layout_basic
D:2:      layout_basic, cheibriados_altar_1
D:3:      layout_rooms, marbit_many_paths, lemuel_round_altar,
          nicolae_ru_awakened_eye, overflow_temple_1_default, kennysheep_nub,
          chequers_avenue
D:4:      layout_loops_ring, first_ration
D:5:      layout_cave_pools, enter_ossuary_4, minmay_misc_feat_roman
D:6:      layout_rooms, makhleb_altar_promises_db,
          eat_drink_and_be_merry_uskayaw, minmay_temple_entry_arrows,
          serial_shops, nicolae_shop_statue_plus, cheibrodos_sewer_entry_drain
D:7:      layout_gridville, uniq_menkaure
D:8:      layout_cave_pools, lemuel_round_altar, basic_altar, the_bakery,
          minmay_misc_feat_tower
D:9:      layout_long_grid, kennysheep_mini_moat,
          chequers_guarded_unrand_ignorance
D:10:     layout_basic, dpeg_lair_monsters, gammafunk_ghost_icy,
          roderic_st_hans_cross
D:11:     layout_roguey [special_room_orc],
          kennysheep_orc_monster_closet_entryway, uniq_fannar, uniq_grum

Skill      XL: |  1  2  3  4  5  6  7  8  9 10 |
---------------+-------------------------------+-----
Axes           | 3 4 5 6 8 9 10 | 10.3
Armour         | 1 2 3 5 6 |  6.9
Dodging        | 3 |  3.6
Fighting       | 4 5 |  5.9
Invocations    | 1 2 |  2.6
Evocations     | 2 |  2.7
Stealth        | |  2.1

Action                   |  1- 3 |  4- 6 |  7- 9 | 10-12 || total
-------------------------+-------+-------+-------+-------++-------
Melee: Hand axe          |   141 |    86 |   272 |    61 ||   560
       War axe           |       |    94 |   194 |       ||   288
Invok: Recall Ancestor   |       |       |     1 |       ||     1
       Ancestor Life: He |       |       |     1 |       ||     1
Evoke: Wand              |       |       |     4 |     4 ||     8
  Use: Scroll            |       |     6 |    10 |     1 ||    17
       Potion            |       |       |     4 |     1 ||     5
 Stab: Sleeping          |     1 |     1 |       |       ||     2
       Distracted        |       |       |     6 |       ||     6
  Eat: Chunk             |    16 |    33 |    43 |     8 ||   100
Armor: Ring mail         |    61 |    47 |       |       ||   108
       Chain mail        |       |    30 |   299 |    21 ||   350
Dodge: Dodged            |    99 |   125 |   200 |    28 ||   452
